 Dungeon Crawl Stone Soup version 0.22.1-1-ga44c0e56f4 (webtiles) character file.

9536 Ivernyr the Ogre Mage (level 11, 0/118 HPs)
             Began as an Ogre Wizard on Oct 12, 2018.
             Was a Believer of Ashenzari.
             Slain by an eight-headed hydra (7 damage)
             ... on level 2 of the Lair of Beasts on Oct 14, 2018.
             The game lasted 01:19:30 (17994 turns).

Ivernyr the Ogre Mage (Ogre Wizard)                Turns: 17994, Time: 01:19:32

Health: 0/118      AC:  4    Str: 13    XL:     11   Next: 48%
Magic:  41/45      EV: 10    Int: 22    God:    Ashenzari [**....]
Gold:   813        SH:  0    Dex:  7    Spells: 26/35 levels left

rFire    . . .     SeeInvis .   e - +0 spear (pierce)
rCold    . . .     Gourm    .   (no shield)
rNeg     . . .     Faith    .   a - +0 robe
rPois    .         Spirit   .   b - +0 hat
rElec    .         Reflect  .   t - +0 cloak
rCorr    .         Harm     .   (gloves unavailable)
MR       +....                  (boots unavailable)
Stlth    +.........             (no amulet)
HPRegen  0.29/turn              m - ring of magical power
MPRegen  0.29/turn              D - ring of magical power

@: very slightly contaminated
A: large, unfitting armour, tough skin 1
a: Curse Item, Scrying, Renounce Religion


You were on level 2 of the Lair of Beasts.
You worshipped Ashenzari.
Ashenzari was pleased with you.
You were not hungry.

You visited 3 branches of the dungeon, and saw 13 of its levels.

You collected 813 gold pieces.

Inventory:

Hand Weapons
 e - a +0 spear of piercing (weapon)
Armour
 a - a +0 robe (worn)
 b - a +0 hat (worn)
 c - a +0 shield
 t - a +0 cloak (worn)
Jewellery
 j - an uncursed ring of protection from magic
 m - a ring of magical power (left hand)
 r - an uncursed ring of positive energy
 D - a ring of magical power (right hand)
 E - an uncursed ring of stealth
 G - an uncursed ring of magical power
 H - an uncursed ring of poison resistance
 Q - the ring "Yzesuume" {rCorr MR+ Str+3 Dex+4}
   (You found it on level 2 of the Lair of Beasts)

   [ring of resist corrosion]

   It affects your strength (+3).
   It affects your dexterity (+4).
   It affects your resistance to hostile enchantments.
Wands
 w - a wand of polymorph (17)
 y - a wand of flame (28)
 N - a wand of acid (19)
 O - a wand of paralysis (12)
Scrolls
 i - 4 scrolls of teleportation
 k - 5 scrolls of noise
 l - 2 scrolls of blinking {unknown}
 n - 3 scrolls of magic mapping
 p - 8 scrolls of identify
 q - 3 scrolls of remove curse
 s - 4 scrolls of amnesia {unknown}
 z - a scroll of brand weapon {unknown}
 A - a scroll of immolation {unknown}
 F - 3 scrolls of random uselessness {unknown}
 J - a scroll of silence {unknown}
 L - 2 scrolls of fog {unknown}
 M - a scroll of enchant armour {unknown}
Potions
 f - 9 potions of curing {unknown}
 g - 4 potions of lignification {unknown}
 h - 4 potions of heal wounds {unknown}
 o - 4 potions of mutation {unknown}
 u - 2 potions of agility {unknown}
 v - 3 potions of magic {unknown}
 x - a potion of cancellation {unknown}
 B - a potion of flight {unknown}
 C - a potion of ambrosia {unknown}
 I - a potion of might {unknown}
 K - a potion of berserk rage {unknown}
Comestibles
 d - 20 rations


   Skills:
 + Level 10.2 Fighting
 - Level 1.7 Dodging
 - Level 1.4 Stealth
 + Level 7.0 Shields
 * Level 12.5 Spellcasting
 + Level 7.4 Conjurations
   Level 0.8 Summonings
 - Level 0.8 Translocations


You had 26 spell levels left.
You knew the following spells:

 Your Spells              Type           Power        Failure   Level  Hunger
a - Magic Dart            Conj           ####         1%          1    None
b - Blink                 Tloc           N/A          4%          2    None
c - Conjure Flame         Conj/Fire      ####....     3%          3    None
d - Mephitic Cloud        Conj/Pois/Air  ###.....     4%          3    None

Your spell library contained the following spells:

 Spells                   Type           Power        Failure   Level  Hunger
 Apportation              Tloc           ###...       3%          1    None
 Summon Small Mammal      Summ           ###.         3%          1    None
 Animate Skeleton         Necr           N/A          4%          1    None
 Confusing Touch          Hex            ##....       4%          1    None
 Call Imp                 Summ           ###.....     4%          2    None
 Slow                     Hex            ##......     7%          2    None


Dungeon Overview and Level Annotations

Branches:
Dungeon (10/15)            Temple (1/1) D:6            Lair (2/6) D:8
  Swamp: Lair:2-4    Shoals: Lair:2-4     Snake: Lair:2-4    Spider: Lair:2-4
    Orc: D:9-12

Altars:
Ashenzari
Cheibriados
Dithmenos
Elyvilon
Fedhas
Gozag
Hepliaklqana
Kikubaaqudgha
Makhleb
Okawaru
Qazlal
Sif Muna
Uskayaw
Vehumet
Wu Jian
Xom
Yredelemnul
Zin

Shops:
D:5 :

Portals:
Trove: D:10 (give +6 demon trident)

Annotations:
D:4 2 transporters, Gargoyl's ghost, amateur CeAK
D:9 2 transporters, nano's ghost, journeyman GnTm


Innate Abilities, Weirdness & Mutations

You are too large for most types of armour.
You have tough skin. (AC +1)


Message History

Casting: Conjure Flame (safe; 3% risk of failure)
Confirm with . or Enter, or press ? or * to list all spells.
You miscast Blink.
You are very lightly contaminated with residual magic.
Nothing appears to happen.
The eight-headed hydra is engulfed in blazing flames.
The eight-headed hydra bites you!
* * * LOW HITPOINT WARNING * * *
The eight-headed hydra bites you!
* * * LOW HITPOINT WARNING * * *
The eight-headed hydra bites you!
* * * LOW HITPOINT WARNING * * *
The eight-headed hydra closely misses you.
The eight-headed hydra bites you.
* * * LOW HITPOINT WARNING * * *
The eight-headed hydra barely misses you.
The eight-headed hydra bites you.
* * * LOW HITPOINT WARNING * * *
The eight-headed hydra bites you!
You die...

#.. ,##............
..#...#..#P....####..#.
.......?.....(..# *#....
#................, .....
P.......... , , .....
.......... , .....
........ ,, , ..... ,
#..#D# , .. ,.... ,
*##.@#** ,,..., *###
,*#..## ,...######. ,
##...# .....#...P.
,#....# ......#...... *
##...###......+.....#
###...# .......P#...#.
**
#.....#*#.......#...##
#..##.#.###......##...##
#....+P.P.........##..##


You could see an eight-headed hydra.

Vanquished Creatures
  Joseph (D:7)
  Maurice (D:10)
  3 spiny frogs
  2 komodo dragons
  A guardian mummy (D:10)
  A hornet (D:8)
  5 hippogriffs
  4 yaks (Lair:1)
  A wraith (D:10)
  A spriggan (D:9)
  A basilisk (Lair:1)
  A hungry ghost (D:7)
  Menkaure (D:6)
  3 water moccasins
  7 porcupines
  3 ice beasts
  A sky beast (D:7)
  2 orc warriors
  2 phantoms
  8 ogres
  A necrophage (D:8)
  3 centaurs
  3 crocodiles
  2 big kobolds (D:7)
  6 bullfrogs
  3 scorpions
  A wyvern skeleton (D:10)
  3 killer bees (D:10)
  2 electric eels (D:10)
  6 crimson imps
  3 jellies
  3 orc priests
  A centaur skeleton (D:6)
  5 hounds
  3 iguanas
  6 orc wizards
  5 worker ants
  A hound skeleton (D:7)
  A howler monkey skeleton (D:9)
  2 worker ant zombies
  3 adders
  7 gnolls
  A river rat (D:6)
  2 shadow imps
  3 oozes
  An adder skeleton (D:8)
  4 worms (D:2)
  A dart slug (D:3)
  11 leopard geckos
  22 orcs
  3 goblins
  3 hobgoblins
  3 jackals (D:3)
  4 quokkas
  3 ball pythons
  9 bats
  8 frilled lizards
  A jackal zombie (D:5)
  20 kobolds
  A leopard gecko skeleton (D:6)
  2 leopard gecko zombies
  5 rats
226 creatures vanquished.

Vanquished Creatures (collateral kills)
  A killer bee (D:10)
1 creature vanquished.

Vanquished Creatures (others)
  A fungus (Lair:2)
1 creature vanquished.

Grand Total: 228 creatures vanquished

Notes
Turn   | Place    | Note
-------+----------+-------------------------------------------
     0 | D:1      | Ivernyr the Ogre Wizard began the quest for the Orb.
     0 | D:1      | Reached XP level 1. HP: 16/16 MP: 5/5
    27 | D:1      | Reached skill level 1 in Conjurations
   251 | D:1      | Reached XP level 2. HP: 17/26 MP: 1/6
   367 | D:1      | Learned a level 2 spell: Blink
   416 | D:1      | Reached skill level 1 in Fighting
   510 | D:1      | Reached skill level 4 in Spellcasting
   962 | D:1      | Reached XP level 3. HP: 24/33 MP: 2/8
  1043 | D:1      | Learned a level 3 spell: Conjure Flame
  1047 | D:1      | Learned a level 3 spell: Mephitic Cloud
  2543 | D:2      | Reached XP level 4. HP: 42/42 MP: 3/10
  3186 | D:3      | Reached skill level 1 in Shields
  3203 | D:3      | Reached XP level 5. HP: 35/49 MP: 11/12
  3787 | D:3      | Reached skill level 5 in Spellcasting
  3928 | D:3      | Found a burning altar of Makhleb.
  3928 | D:3      | Found a deep blue altar of Sif Muna.
  4324 | D:4      | Noticed an ogre
  4336 | D:4      | Killed an ogre
  4336 | D:4      | Reached XP level 6. HP: 54/61 MP: 13/14
  4691 | D:4      | Noticed a phantom
  4711 | D:4      | Killed a phantom
  4711 | D:4      | Reached skill level 6 in Spellcasting
  4711 | D:4      | Reached XP level 7. HP: 61/68 MP: 8/16
  4829 | D:4      | Noticed Gargoyl's ghost (amateur CeAK)
  4906 | D:4      | Found a transporter.
  4950 | D:4      | Found a transporter.
  5154 | D:5      | Entered Level 5 of the Dungeon
  5182 | D:5      | Found Imits's Book Emporium.
  5910 | D:6      | Reached skill level 7 in Spellcasting
  5910 | D:6      | Reached XP level 8. HP: 79/79 MP: 18/18
  6258 | D:6      | Found a staircase to the Ecumenical Temple.
  6298 | D:6      | HP: 3/79 [poisoned by a water moccasin]
  6306 | D:6      | HP: 3/79 [poisoned by a water moccasin]
  6456 | D:6      | Reached skill level 5 in Fighting
  6491 | D:6      | Found a glowing drain.
  7072 | D:6      | Noticed Menkaure
  7087 | D:6      | Killed Menkaure
  7087 | D:6      | Reached skill level 8 in Spellcasting
  7164 | Temple   | Entered the Ecumenical Temple
  7241 | Temple   | Became a worshipper of Ashenzari the Shackled
  7403 | D:6      | Found a blossoming altar of Fedhas.
  7712 | D:7      | Reached XP level 9. HP: 69/91 MP: 21/21
  8250 | D:7      | Reached skill level 9 in Spellcasting
  8250 | D:7      | Reached skill level 5 in Conjurations
  8340 | D:7      | Noticed Joseph
  8871 | D:7      | Killed Joseph
  9198 | D:7      | Found the +7 mace of Variability {chain chaos}
  9411 | D:8      | Found a staircase to the Lair.
  9433 | D:8      | Reached skill level 5 in Shields
  9696 | D:8      | Reached skill level 10 in Spellcasting
  9990 | D:8      | Reached * piety under Ashenzari
 10493 | D:8      | Noticed a hornet
 10497 | D:8      | Killed a hornet
 10497 | D:8      | Reached XP level 10. HP: 88/104 MP: 24/24
 12693 | D:9      | Found a transporter.
 12693 | D:9      | Noticed nano's ghost (journeyman GnTm)
 12700 | D:9      | Noticed a great orb of eyes
 12726 | D:9      | Found a transporter.
 12778 | D:9      | Found a blossoming altar of Fedhas.
 13290 | D:10     | Entered Level 10 of the Dungeon
 13519 | D:10     | Reached skill level 11 in Spellcasting
 14611 | D:10     | Noticed Maurice
 14674 | D:10     | Killed Maurice
 14675 | D:10     | Found a portal to a secret trove of treasure.
 14959 | Lair:1   | Entered Level 1 of the Lair of Beasts
 15245 | Lair:1   | Reached XP level 11. HP: 100/115 MP: 26/26
 15590 | Lair:1   | Reached ** piety under Ashenzari
 15923 | Lair:1   | Reached skill level 12 in Spellcasting
 16559 | Lair:2   | Identified the ring "Yzesuume" {rCorr MR+ Str+3 Dex+4}
 16595 | Lair:2   | Reached skill level 10 in Fighting
 17990 | Lair:2   | Noticed an eight-headed hydra
 17994 | Lair:2   | Slain by an eight-headed hydra

Skill      XL: |  1  2  3  4  5  6  7  8  9 10 11 |
---------------+----------------------------------+-----
Conjurations   | 1 2 3 4 5 6 7 |  7.4
Fighting       | 1 2 3 4 6 8 9 10 | 10.2
Spellcasting   | 4 5 6 7 8 10 11 12 | 12.5
Shields        | 1 2 3 4 5 6 7 |  7.0
Dodging        | |  1.7
Stealth        | |  1.4
Summonings     | |  0.8
Translocations | |  0.8

Action                   |  1- 3 |  4- 6 |  7- 9 | 10-12 || total
-------------------------+-------+-------+-------+-------++-------
Melee: Dagger            |    42 |       |       |       ||    42
       Spear             |    23 |    78 |   242 |   123 ||   466
       Great mace        |       |       |     3 |       ||     3
 Cast: Magic Dart        |    93 |   109 |   284 |   314 ||   800
       Mephitic Cloud    |       |     6 |    11 |    25 ||    42
       Conjure Flame     |       |       |    25 |    28 ||    53
       Blink             |       |       |     8 |    15 ||    23
  Use: Scroll            |       |       |     5 |       ||     5
 Stab: Confused          |       |     1 |     8 |     5 ||    14
       Sleeping          |       |     1 |       |       ||     1
  Eat: Chunk             |     5 |     7 |     9 |    22 ||    43
       Ration            |       |       |     3 |       ||     3
Armor: Robe              |    12 |    19 |    39 |    33 ||   103
Dodge: Dodged            |    34 |    44 |   104 |    88 ||   270
